 Dungeon Crawl Stone Soup version 0.25.1-2-g60ff931df9 (webtiles) character file.

Game seed: 5469282479400585740

41612 Johnny the Earth Mage (level 13, -1/86 HPs)
             Began as a Demigod Earth Elementalist on Nov 2, 2020.
             Succumbed to a spiny frog's poison
             ... on level 1 of the Lair of Beasts.
             The game lasted 00:27:55 (25375 turns).

Johnny the Earth Mage (Demigod Earth Elementalist) Turns: 25375, Time: 00:27:56

Health: -1/86      AC: 16    Str: 11    XL:     13   Next: 45%
Magic:  20/32      EV: 13    Int: 36    God:
Gold:   1346       SH:  7    Dex: 16    Spells: 20/33 levels left

rFire    + . .     SeeInvis +   L - +2 trident (venom)
rCold    + . .     Gourm    .   b - +0 buckler
rNeg     + + .     Faith    .   k - +6 scale mail "Kycostrao" {*Slow rN++ SInv Stlth+}
rPois    .         Spirit   .   U - +2 hat
rElec    .         Reflect  .   Q - scarf {rC+ rF+}
rCorr    .         Harm     .   g - +0 pair of gloves
MR       +....                  K - +0 pair of boots
Stlth    ++........             N - amulet of Vayla Odd {+Fly Regen+ Int+3}
HPRegen  0.64/turn              y - +4 ring of evasion
MPRegen  0.23/turn              m - +6 ring of intelligence

@: lethally poisoned (-1 -> -42)
A: high mp 1
a: Evoke Flight


You were on level 1 of the Lair of Beasts.
You were hungry.

You visited 3 branches of the dungeon, and saw 17 of its levels.
You also visited: Ossuary and Ice Cave.

You collected 1346 gold pieces.

Inventory:

Hand Weapons
 s - a +2 dagger of electrocution
 L - a +2 trident of venom (weapon)
Missiles
 a - 136 stones (quivered)
Armour
 b - a +0 buckler (worn)
 g - a +0 pair of gloves (worn)
 k - the +6 scale mail "Kycostrao" (worn) {*Slow rN++ SInv Stlth+}
   (You found it on level 11 of the Dungeon)

   It greatly protects you from negative energy.
   It lets you see invisible.
   It may slow you when you take damage.
   It makes you more stealthy.
 K - a +0 pair of boots (worn)
 Q - a scarf of resistance (worn)
 U - a +2 hat (worn)
Magical Staves
 O - an uncursed staff of wizardry
Jewellery
 l - an uncursed ring of resist corrosion
 m - a +6 ring of intelligence (right hand)
 o - an uncursed ring of fire
 y - a +4 ring of evasion (left hand)
 B - a +6 ring of intelligence
 F - an uncursed ring of ice {unknown}
 N - the amulet of Vayla Odd (around neck) {+Fly Regen+ Int+3}
   (You found it on level 10 of the Dungeon)

   [amulet of regeneration]

   It affects your intelligence (+3).
   It lets you fly.
   It increases your rate of regeneration.
 R - an uncursed ring of positive energy
Wands
 c - a wand of iceblast (8)
 C - a wand of flame (78)
Scrolls
 i - a scroll of fear
 j - a scroll of holy word
 n - 4 scrolls of enchant armour
 p - a scroll of vulnerability
 u - 6 scrolls of teleportation
 w - a scroll of fog
 x - 3 scrolls of remove curse
 z - a scroll of noise
 A - a scroll of immolation
 E - 3 scrolls of blinking
Potions
 e - 2 potions of curing
 f - 7 potions of heal wounds
 h - 5 potions of cancellation
 r - 5 potions of lignification
 v - 2 potions of flight
 D - 4 potions of brilliance
 G - a potion of invisibility {unknown}
 H - 3 potions of might {unknown}
 I - 4 potions of haste {unknown}
 J - a potion of resistance {unknown}
 M - a potion of ambrosia {unknown}
Miscellaneous
 P - a phial of floods
 S - a lightning rod (4/4)
Comestibles
 d - 31 rations


   Skills:
 - Level 1.7 Dodging
 - Level 1.7 Stealth
 + Level 10.7 Shields
 + Level 10.6 Spellcasting
 - Level 0.8 Transmutations
 * Level 15.4 Earth Magic


You had 20 spell levels left.
You knew the following spells:

 Your Spells              Type           Power        Failure   Level  Hunger
a - Sandblast             Erth           ######       1%          1    None
b - Stone Arrow           Conj/Erth      ######       1%          3    None
c - Lee's Rapid Deconstr  Erth           #######...   1%          5    #......
d - Petrify               Tmut/Erth      ######..     4%          4    None

Your spell library contained the following spells:

 Spells                   Type           Power        Failure   Level  Hunger
 Passwall                 Tmut/Erth      ######..     1%          2    None
 Beastly Appendage        Tmut           ####..       10%         1    None
 Summon Small Mammal      Summ           ###.         14%         1    None
 Sticks to Snakes         Tmut           ####....     14%         2    None
 Call Imp                 Summ           ###.....     22%         2    None
 Corpse Rot               Necr/Air       N/A          22%         2    None
 Sublimation of Blood     Necr           ###.......   22%         2    None
 Spider Form              Tmut/Pois      ###.......   34%         3    None
 Call Canine Familiar     Summ           ###.....     38%         3    None
 Gell's Gravitas          Tloc           ###.......   38%         3    None
 Portal Projectile        Hex/Tloc       ###...       38%         3    None
 Summon Guardian Golem    Hex/Summ       ###.....     38%         3    None
 Ice Form                 Ice/Tmut       ###.....     75%         4    None
 Dispel Undead            Necr           ###.....     80%         4    None
 Summon Ice Beast         Ice/Summ       ###.....     80%         4    None
 Summon Lightning Spire   Summ/Air       ###.....     80%         4    None
 Blade Hands              Tmut           ####......   95%         5    #......
 Agony                    Necr           ###.....     98%         5    #......
 Excruciating Wounds      Chrm/Necr      ###.......   98%         5    #......
 Dispersal                Tloc           ###.......   100%        6    ####...
 Haunt                    Necr/Summ      ###.......   100%        7    ######.
 Borgnjor's Revivificati  Necr           ###.......   100%        8    #######
 Controlled Blink         Tloc           N/A          100%        8    #######
 Death's Door             Chrm/Necr      ###.......   100%        8    #######
 Disjunction              Tloc           ###.......   100%        8    #######
 Infestation              Necr           ###.......   100%        8    #######
 Necromutation            Tmut/Necr      ###.......   100%        8    #######


Dungeon Overview and Level Annotations

Branches:
Dungeon (13/15)            Temple (0/1) D:4            Lair (2/6) D:11
    Orc (2/2) D:9          Vaults (0/5) D:13        Ossuary (visited)
  IceCv (visited)
  Swamp: Lair:2-4    Shoals: Lair:2-4     Snake: Lair:2-4    Spider: Lair:2-4
    Elf: Orc:2

Shops:
D:4 %   D:12 (


Innate Abilities, Weirdness & Mutations

You have an increased reservoir of magic. (+10% MP)


Message History

* * * LOW HITPOINT WARNING * * *
You are more poisoned.
The spiny frog poisons you!
Casting: Stone Arrow (safe; 1% risk of failure)
Confirm with . or Enter, or press ? or * to list all spells.
Aiming: Stone Arrow (safe; 1% risk of failure)
Press: ? - help, Shift-Dir - straight line, f/p - spiny frog
Aim: a spiny frog (almost dead)
The stone arrow misses the spiny frog.
* * * LOW HITPOINT WARNING * * *
You feel very sick. The spiny frog barely misses you.
Casting: Stone Arrow (safe; 1% risk of failure)
Confirm with . or Enter, or press ? or * to list all spells.
Aiming: Stone Arrow (safe; 1% risk of failure)
Press: ? - help, Shift-Dir - straight line, f/p - spiny frog
Aim: a spiny frog (almost dead)
The stone arrow hits the spiny frog!!
You kill the spiny frog!
You die...

......#...# #....##......#
........... #....##......#
......#..### #....'........
......#... #....##......#
........)# #....###.#####
......#..# ####....##...####
......#..########..#...[.........
###.#.#..........................
...............>@................
.......[.........................
.................................
+####.........=..........###>..##
....#.....###.##.#.#......##.###
....#..............#.....###.####
.........................###....#
....#..............P.....##....##
..........#..............###...##


There were no monsters in sight!

Vanquished Creatures
  Gastronok (Lair:1)
  A frost giant (IceCv)
  Snorg (D:11)
  Harold (D:11)
  2 hydras
  3 death yaks (IceCv)
  3 two-headed ogres
  An ogre mage (D:13)
  An unseen horror (D:11)
  A phantasmal warrior (D:13)
  An ugly thing (D:12)
  An oklob plant (Lair:1)
  A cyclops (D:13)
  3 manticores
  5 elephants (Lair:2)
  2 black mambas
  A spiny frog (Lair:1)
  Psyche (D:11)
  An ice statue (IceCv)
  2 gargoyles
  2 rime drakes
  2 komodo dragons
  A tengu conjurer (D:12)
  11 polar bears (IceCv)
  4 trolls
  A hornet (D:13)
  6 slime creatures (D:13)
  2 hippogriffs
  3 wyverns
  4 hogs (D:8)
  45 yaks
  Grum (Lair:1)
  4 hungry ghosts
  2 humans
  A warg (D:9)
  Edmund (D:4)
  A water moccasin (Lair:1)
  6 porcupines
  A black bear (D:8)
  2 sky beasts
  7 orc warriors
  4 ice beasts
  2 necrophages
  8 ogres
  2 phantoms
  2 eyes of draining
  11 wolves
  16 centaurs
  A crocodile (D:5)
  An elf zombie (Ossuary)
  10 bullfrogs
  A big kobold (D:12)
  5 scorpions
  3 killer bees (D:12)
  A wight (D:8)
  6 howler monkeys
  6 crimson imps
  2 bullfrog zombies
  6 centaur zombies
  3 centaur skeletons
  7 jellies
  16 orc wizards
  Crazy Yiuf (D:5)
  2 bullfrog skeletons
  8 orc priests
  5 hounds
  Ijyb (D:3)
  Terence (D:3)
  4 iguanas
  7 worker ants
  3 big kobold zombies (Ossuary)
  2 hound zombies
  3 mummies (Ossuary)
  5 worker ant zombies
  Robin (D:4)
  14 adders
  7 gnolls
  3 shadow imps
  19 oozes
  6 adder zombies (Ossuary)
  2 adder skeletons
  2 worms
  3 dart slugs
  8 leopard geckos
  48 orcs
  11 bats
  6 giant cockroaches
  17 goblins
  11 hobgoblins
  10 jackals
  11 kobolds
  4 quokkas
  2 ball pythons (D:1)
  5 frilled lizards
  2 gnoll zombies (Ossuary)
  A goblin zombie (Ossuary)
  5 hobgoblin zombies (Ossuary)
  2 jackal zombies (Ossuary)
  2 kobold zombies (Ossuary)
  2 leopard gecko skeletons
  A leopard gecko zombie (D:6)
  2 orc zombies (Ossuary)
  4 quokka zombies (Ossuary)
  11 rats
  2 rat zombies (Ossuary)
  A fungus (Lair:1)
520 creatures vanquished.

Vanquished Creatures (others)
  2 yaks (IceCv)
  3 wolves (IceCv)
  4 fungi (Lair:1)
  4 plants
13 creatures vanquished.

Grand Total: 533 creatures vanquished

Notes
Turn   | Place    | Note
-------+----------+-------------------------------------------
     0 | D:1      | Johnny the Demigod Earth Elementalist began the quest for
                  | the Orb.
     0 | D:1      | Reached XP level 1. HP: 14/14 MP: 5/5
   106 | D:1      | Reached skill level 3 in Earth Magic
   282 | D:1      | Reached XP level 2. HP: 18/20 MP: 5/7
  1646 | D:2      | Found a shadowy altar of Dithmenos.
  1662 | D:2      | Reached XP level 3. HP: 22/26 MP: 7/9
  2083 | D:2      | Found a shimmering altar of Xom.
  2093 | D:2      | Found a shattered altar of Ashenzari.
  2703 | D:2      | Reached skill level 4 in Earth Magic
  3000 | D:2      | Reached XP level 4. HP: 25/33 MP: 8/10
  3712 | D:3      | Noticed a centaur
  3722 | D:3      | Killed a centaur
  3722 | D:3      | Reached XP level 5. HP: 11/38 MP: 6/12
  4182 | D:3      | Noticed Terence
  4553 | D:3      | Reached skill level 5 in Earth Magic
  4637 | D:3      | Learned a level 3 spell: Stone Arrow
  5075 | D:4      | Noticed an ogre
  5079 | D:4      | Killed an ogre
  5079 | D:4      | Reached XP level 6. HP: 45/45 MP: 9/14
  5787 | D:4      | Reached skill level 6 in Earth Magic
  5834 | D:4      | Found a staircase to the Ecumenical Temple.
  6096 | D:4      | Noticed Edmund
  6106 | D:4      | Noticed Robin
  6107 | D:4      | Killed Edmund
  6107 | D:4      | Reached skill level 1 in Shields
  6107 | D:4      | Reached XP level 7. HP: 28/50 MP: 8/16
  6125 | D:4      | Killed Robin
  6557 | D:4      | Found Gishrepsye's Food Shop.
  6907 | D:3      | Noticed Ijyb
  6920 | D:3      | Killed Ijyb
  7068 | D:3      | Killed Terence
  7440 | D:3      | Found a sparkling altar of Nemelex Xobeh.
  7541 | D:5      | Entered Level 5 of the Dungeon
  7901 | D:5      | Reached skill level 7 in Earth Magic
  8119 | D:5      | Reached XP level 8. HP: 26/57 MP: 5/18
  8247 | D:5      | Learned a level 5 spell: Lee's Rapid Deconstruction
  8252 | D:5      | Learned a level 4 spell: Petrify
  8529 | D:5      | Found a runed translucent door.
  8530 | D:5      | Noticed Crazy Yiuf
  8916 | D:5      | Killed Crazy Yiuf
  9116 | D:6      | Reached skill level 5 in Spellcasting
  9242 | D:6      | Reached skill level 8 in Earth Magic
  9272 | D:6      | Found an opulent altar of Gozag.
  9272 | D:6      | Found a glowing golden altar of the Shining One.
  9272 | D:6      | Found an ornate altar of the Wu Jian Council.
 10475 | D:7      | Found a sparkling altar of Nemelex Xobeh.
 11032 | D:7      | Reached XP level 9. HP: 62/62 MP: 11/21
 11035 | D:7      | Reached skill level 9 in Earth Magic
 11770 | D:8      | Found a sand-covered staircase.
 11775 | Ossuary  | Entered an ossuary
 12432 | D:8      | Reached skill level 5 in Shields
 12696 | D:8      | Found a glowing silver altar of Zin.
 12764 | D:8      | Reached skill level 10 in Earth Magic
 13270 | D:8      | Found a basalt altar of Yredelemnul.
 13473 | D:8      | Noticed a two-headed ogre
 13482 | D:8      | Killed a two-headed ogre
 13482 | D:8      | Reached XP level 10. HP: 57/69 MP: 11/24
 13644 | D:9      | Noticed an eight-headed hydra
 13649 | D:9      | Killed an eight-headed hydra
 13837 | D:9      | Reached skill level 11 in Earth Magic
 13921 | D:10     | Entered Level 10 of the Dungeon
 14421 | D:9      | Found a staircase to the Orcish Mines.
 15130 | Orc:1    | Entered Level 1 of the Orcish Mines
 15204 | Orc:2    | Entered Level 2 of the Orcish Mines
 15204 | Orc:2    | Found a roughly hewn altar of Beogh.
 15208 | Orc:2    | Noticed an orc warlord
 15361 | D:10     | Noticed an eight-headed hydra
 15702 | D:10     | Noticed a manticore
 15704 | D:10     | Killed a manticore
 16199 | D:10     | Killed an eight-headed hydra
 16199 | D:10     | Reached skill level 12 in Earth Magic
 16199 | D:10     | Reached XP level 11. HP: 62/74 MP: 10/27
 16734 | D:10     | Identified the +7 hand crossbow of the Forsaken Places
                  | {freeze, rElec rF+ rN+++ Int-4}
 16742 | D:10     | Got a pitted brass amulet
 16754 | D:10     | Identified the amulet of Vayla Odd {+Fly Regen+ Int+3} (You
                  | found it on level 10 of the Dungeon)
 17201 | D:11     | Got a twisted scale mail
 17212 | D:11     | Identified the +6 scale mail "Kycostrao" {*Slow rN++ SInv
                  | Stlth+} (You found it on level 11 of the Dungeon)
 17267 | D:11     | Found a staircase to the Lair.
 17331 | D:11     | Noticed Psyche
 17336 | D:11     | Killed Psyche
 17418 | D:11     | Noticed Harold
 17432 | D:11     | Noticed Snorg
 17483 | D:11     | Killed Harold
 17493 | D:11     | Killed Snorg
 18134 | D:11     | Noticed an unseen horror
 18140 | D:11     | Killed an unseen horror
 18667 | D:12     | Found Ameseawnotz's Weapon Shop.
 18815 | D:12     | Reached skill level 13 in Earth Magic
 19223 | D:12     | Reached XP level 12. HP: 10/81 MP: 2/29
 20442 | D:13     | Found a gate to the Vaults.
 20545 | D:13     | Reached skill level 14 in Earth Magic
 20729 | D:13     | Noticed a death knight
 20814 | Lair:1   | Entered Level 1 of the Lair of Beasts
 20980 | Lair:1   | Noticed Grum
 20999 | Lair:1   | Killed Grum
 21010 | Lair:1   | Noticed Gastronok
 21472 | Lair:1   | You fall into a shaft and drop 1 floor!
 21537 | Lair:2   | Found a frozen archway.
 21545 | IceCv    | Entered an ice cave
 22242 | IceCv    | Reached skill level 10 in Spellcasting
 22244 | IceCv    | Reached skill level 10 in Shields
 22599 | IceCv    | Noticed a frost giant
 22605 | IceCv    | Reached XP level 13. HP: 86/86 MP: 10/31
 23045 | IceCv    | Killed a frost giant
 23189 | IceCv    | Got a glimmering chain mail
 23487 | Lair:2   | Reached skill level 15 in Earth Magic
 25223 | Lair:1   | Killed Gastronok
 25237 | Lair:1   | Identified the cursed +1 chain mail "Kualibekh" {Regen+}
                  | (You found it in an ice cave)
 25374 | Lair:1   | HP: 3/86 [poisoned by a spiny frog]
 25375 | Lair:1   | Succumbed to a spiny frog's poison

Illustrated notes

Levels and vault maps discovered:
D:1:      dpeg_arrival_short_road, layout_basic, serial_bayou_pond_b
D:2:      minmay_skewed_foursquare, layout_basic, tgw_xom, ashenzari_altar_1,
          grunt_dithmenos_smoke_and_mirrors
D:3:      layout_loops_ring, kennysheep_cluttered_room,
          nemelex_dance_club_becter, uniq_terence, uniq_ijyb
D:4:      layout_loops_ring, minmay_temple_entry_steel_oval, first_ration,
          serial_shops, shop_fountains, kennysheep_path_1, uniq_robin,
          uniq_edmund
D:5:      layout_loops_ring, uniq_crazy_yiuf_cottage
D:6:      layout_basic, gammafunk_temple_overflow_forgotten, st_stairs_1
D:7:      layout_basic, overflow_temple_1_default
D:8:      layout_basic, zin_statuary, yredelemnul_altar_generic,
          enter_ossuary_5, grunt_livestock, chequers_mini_garden,
          minmay_fractal_squares_diagonal_5
D:9:      layout_basic, erik_orc_4
D:10:     minmay_the_grid_octo_triangle [minmay_the_grid_octo_tetromino_candy,
          minmay_the_grid_octo_prize_ultimate_mussel_roller,
          minmay_the_grid_octo_teeth], layout_loops_cross
D:11:     layout_basic, grunt_lair_entry_orc_guard_hut, serial_glass,
          glass_columns_c, glass_columns_a, glass_columns_a, glass_columns_a,
          glass_columns_a, kennysheep_big_empty_room, uniq_harold, uniq_psyche,
          uniq_snorg
D:12:     layout_irregular_city, serial_shops, shop
D:13:     layout_layer_cave, david_vaults_2, enter_trove_0
Lair:1:   lemuel_slime, layout_regular_city, uniq_gastronok, uniq_grum
Lair:2:   layout_gridlike, portal_ice_cave_entry_pillars_2, serial_bayou_pond_e,
          serial_bayou_pond_a, serial_bayou_pond_d, grunt_megastairs_5
Orc:1:    layout_caves, serial_shops
Orc:2:    st_orc_congregation, layout_caves, basic_altar, mines3_lemuel

Skill      XL: |  1  2  3  4  5  6  7  8  9 10 11 12 13 |
---------------+----------------------------------------+-----
Earth Magic    | 3 4 5 6 7 8 10 12 13 14 15 | 15.4
Spellcasting   | 2 3 4 5 6 7 9 10 | 10.6
Shields        | 1 2 4 6 7 8 10 | 10.7
Dodging        | |  1.7
Stealth        | |  1.7
Transmutations | |  0.8

Action                   |  1- 3 |  4- 6 |  7- 9 | 10-12 | 13-15 || total
-------------------------+-------+-------+-------+-------+-------++-------
Melee: Unarmed           |     7 |       |       |       |       ||     7
       Hand axe          |   118 |    78 |       |       |       ||   196
       Dagger            |       |    39 |   425 |    28 |       ||   492
       Trident           |       |       |       |   557 |   131 ||   688
 Cast: Sandblast         |    47 |    60 |    60 |    90 |    14 ||   271
       Stone Arrow       |       |     5 |    88 |    91 |    21 ||   205
       Lee's Rapid Decon |       |       |       |    60 |    23 ||    83
       Petrify           |       |       |       |     3 |    13 ||    16
Evoke: Wand              |       |       |     8 |     5 |       ||    13
       Phial of floods   |       |       |       |     1 |       ||     1
  Use: Potion            |     1 |       |       |     2 |       ||     3
       Scroll            |     3 |     1 |    11 |     9 |     5 ||    29
 Stab: Sleeping          |     3 |     1 |    15 |    12 |     2 ||    33
       Petrified         |       |       |       |     5 |    12 ||    17
       Confused          |       |       |       |     2 |       ||     2
       Distracted        |       |       |       |     1 |       ||     1
       Petrifying        |       |       |       |       |     1 ||     1
  Eat: Chunk             |     6 |    11 |    21 |    28 |     2 ||    68
       Ration            |       |       |     1 |     3 |     2 ||     6
Armor: Robe              |    51 |    37 |    56 |    18 |       ||   162
       Scale mail        |       |       |       |   283 |    50 ||   333
Dodge: Dodged            |   151 |   147 |   229 |   452 |    83 ||  1062
Block: Buckler           |       |       |   188 |   288 |    58 ||   534
       Reflection        |       |       |     1 |     4 |       ||     5
